 Dungeon Crawl Stone Soup version 0.27.0-65-ge2af304b15 (webtiles) character file.

Game seed: 6332914935173725337

2009 Crownlay the Cleaver (level 9, -10/75 HPs)
             Began as a Hill Orc Fighter on Aug 18, 2021.
             Was a Believer of Okawaru.
             Mangled by a two-headed ogre (16 damage)
             ... on level 6 of the Dungeon.
             The game lasted 00:19:29 (8498 turns).

Crownlay the Cleaver (Hill Orc Fighter)             Turns: 8498, Time: 00:19:30

Health: -10/75     AC: 11    Str: 28    XL:     9   Next: 22%
Magic:  7/9        EV: 12    Int:  8    God:    Okawaru [**....]
Gold:   259        SH:  5    Dex: 10    Spells: 8/8 levels left

rFire    . . .     SeeInvis .   y - +2 hand axe (elec)
rCold    . . .     Faith    .   (no shield)
rNeg     . . .     Spirit   .   b - +0 scale mail
rPois    .         Reflect  +   (no helmet)
rElec    .         Harm     .   o - +0 cloak
rCorr    .         Rampage  .   q - +0 pair of gloves
Will     .....                  (no boots)
Stlth    +.........             e - amulet of reflection
HPRegen  0.22/turn              v - +6 ring of strength
MPRegen  0.11/turn              (no ring)

@: heroic
A: no striking features
a: Renounce Religion, Heroism


You were on level 6 of the Dungeon.
You worshipped Okawaru.
Okawaru was pleased with you.
You visited 2 branches of the dungeon, and saw 8 of its levels.
You also visited: Ossuary.

You collected 259 gold pieces.

Inventory:

Hand Weapons
 a - a +0 war axe
 p - the +9 scimitar of Circular Logic {vorpal, rPois MP+9 Int-2}
   (You found it on level 4 of the Dungeon)

   It inflicts extra damage upon your enemies.
   Int:       It affects your intelligence (-2).
   rPois:     It protects you from poison.
   MP:        It affects your magic capacity (+9).
 y - a +2 hand axe of electrocution (weapon)
Missiles
 l - 6 javelins (quivered)
 r - 6 atropa-tipped darts
Armour
 b - a +0 scale mail (worn)
 c - a +0 kite shield
 o - a +0 cloak (worn)
 q - a +0 pair of gloves (worn)
Jewellery
 e - an amulet of reflection (around neck)
 v - a +6 ring of strength (left hand)
Wands
 d - a wand of flame (18)
 n - a wand of iceblast (7)
 w - a wand of mindburst (20)
Scrolls
 h - a scroll of fear
 k - 3 scrolls of teleportation
 x - a scroll of enchant armour {unknown}
 A - a scroll of enchant weapon {unknown}
Potions
 f - a potion of brilliance {unknown}
 g - 2 potions of attraction {unknown}
 i - 4 potions of degeneration {unknown}
 j - a potion of lignification {unknown}
 m - a potion of magic {unknown}
 s - 2 potions of curing {unknown}
 t - a potion of cancellation {unknown}
 u - 2 potions of heal wounds {unknown}
 z - 2 potions of berserk rage {unknown}


   Skills:
 * Level 5.7(10.7) Fighting
 + Level 1.0(6.0) Long Blades
 - Level 14.0(19.0) Axes
 - Level 3.3(8.3) Armour
 - Level 3.3(8.3) Shields


You had 8 spell levels left.
You didn't know any spells.
Your spell library contained the following spells:

 Spells                   Type           Power      Damage    Failure   Level
 Apportation              Tloc           0%         N/A       63%         1
 Gell's Gravitas          Tloc           0%         N/A       94%         3
 Teleport Other           Tloc           0%         N/A       94%         3
 Animate Dead             Necr           0%         N/A       100%        4
 Alistair's Intoxication  Tmut/Pois      0%         N/A       100%        5
 Dispersal                Tloc           0%         N/A       100%        6
 Invisibility             Hex            0%         N/A       100%        6
 Haunt                    Necr/Summ      0%         N/A       100%        7
 Infestation              Necr           0%         N/A       100%        8


Dungeon Overview and Level Annotations

Branches:
Dungeon (7/15)             Temple (1/1) D:4         Ossuary (visited)

Altars:
Ashenzari
Cheibriados
Dithmenos
Elyvilon
Fedhas
Gozag
Hepliaklqana
Kikubaaqudgha
Makhleb
Nemelex Xobeh
Okawaru
Qazlal
Ru
Sif Muna
Trog
Uskayaw
Vehumet
Wu Jian
Xom
Zin
The Shining One

Shops:
D:3 *


Message History

The centaur wields a +0 shortbow of freezing.
It is covered in frost.
The centaur shoots an arrow.
The arrow closely misses you.
The centaur moves out of view. x2
Found a manual of Fighting.
A two-headed ogre comes into view. It is wielding two +0 giant clubs.
Found a bubbling white potion.
The centaur unwields a +0 shortbow of freezing.
You block the centaur's attack. The centaur kicks you.
You barely miss the centaur.
The centaur wields a +0 shortbow.
The centaur shoots an arrow.
The arrow hits you but does no damage.
The centaur hits you but does no damage.
The centaur kicks you but does no damage.
The centaur shoots an arrow.
The arrow hits you. The centaur closely misses you. x2
Okay, then.
The centaur hits you.
The centaur kicks you but does no damage.
The centaur wields a +0 shortbow of freezing.
It is covered in frost.
The centaur shoots an arrow.
You reflect the arrow off an invisible shield around you!
The arrow hits the centaur!
The arrow freezes the centaur.
The centaur shoots an arrow.
The arrow completely misses you.
The centaur shoots an arrow.
The arrow completely misses you.
There is a stone staircase leading up here.
The centaur shoots an arrow.
The arrow barely misses you.
The centaur shoots an arrow.
The arrow hits you. The arrow freezes you.
You block the two-headed ogre's attack. The two-headed ogre barely misses you.
You climb upwards.
There is a stone staircase leading down here.
You gain the combat prowess of a mighty hero.
The two-headed ogre hits you with a +0 giant club!!
The two-headed ogre hits you with a +0 giant club!
You hit the two-headed ogre.
The two-headed ogre is lightly wounded.
Your scale mail prevents you from hitting the two-headed ogre.
The two-headed ogre is lightly wounded.
The two-headed ogre hits you with a +0 giant club!!
* * * LOW HITPOINT WARNING * * *
The two-headed ogre hits you with a +0 giant club!
You die...

.......###.###........#
#.##.......#......###.#
#.......####.#..#.###.#
........####.#........#
...........#.##....##.#
..........[#.##....##.#
...........#..........#
...........###.#.####.#
...........# #.#@####.#
#.......######.#.O....#
#######(.......########
# #.#####..# #
#.#####..# # #.##.....#
# #.##.##.##
#######.......#
.....#####.####


You could see a two-headed ogre.

Vanquished Creatures
  A troll (D:6)
  A steam dragon (D:5)
  Menkaure (D:4)
  A sky beast (D:6)
  An orc warrior (D:6)
  A necrophage (D:5)
  An ogre (D:5)
  A water moccasin zombie (D:5)
  A bullfrog (D:7)
  A scorpion (D:5)
  A water moccasin skeleton (D:5)
  5 centaur zombies
  A bullfrog zombie (D:5)
  Crazy Yiuf (D:3)
  2 jellies
  4 orc priests
  2 centaur skeletons
  Ijyb (D:4)
  An iguana (D:5)
  4 orc wizards
  2 hound skeletons (D:4)
  2 mummies (Ossuary)
  7 adders
  4 gnolls (D:5)
  2 shadow imps
  An adder zombie (Ossuary)
  2 dart slugs
  2 worms
  23 orcs
  11 ball pythons
  8 endoplasms
  3 giant cockroaches
  A hobgoblin (D:4)
  7 jackals
  15 kobolds
  3 quokkas
  5 bats
  5 frilled lizards
  8 goblins
  2 goblin zombies (Ossuary)
  12 hobgoblin zombies (Ossuary)
  A jackal zombie (Ossuary)
  8 kobold zombies (Ossuary)
  9 orc zombies (Ossuary)
  2 rats (D:1)
  4 rat zombies
181 creatures vanquished.

Vanquished Creatures (others)
  A plant (D:2)
1 creature vanquished.

Grand Total: 182 creatures vanquished

Notes
Turn   | Place    | Note
-------+----------+-------------------------------------------
     0 | D:1      | Crownlay the Hill Orc Fighter began the quest for the Orb.
     0 | D:1      | Reached XP level 1. HP: 19/19 MP: 1/1
   101 | D:1      | Reached skill level 3 in Axes
   150 | D:1      | Reached XP level 2. HP: 27/27 MP: 2/2
   407 | D:1      | Upgraded the game from 0.27.0-1-g7a089689b8 to
                  | 0.27.0-65-ge2af304b15
   591 | D:1      | Reached skill level 4 in Axes
  1108 | D:1      | Reached XP level 3. HP: 33/33 MP: 3/3
  1583 | D:2      | Reached skill level 5 in Axes
  2051 | D:2      | Reached XP level 4. HP: 37/40 MP: 4/4
  2404 | D:3      | Found a faded altar of an unknown god.
  2635 | D:3      | Reached skill level 6 in Axes
  2781 | D:3      | Found Weiqel's Assorted Antiques.
  3160 | D:3      | Found a runed translucent door.
  3161 | D:3      | Noticed Crazy Yiuf
  3220 | D:3      | Killed Crazy Yiuf
  3221 | D:3      | Reached XP level 5. HP: 16/46 MP: 5/5
  3506 | D:4      | Reached skill level 7 in Axes
  3928 | D:4      | Noticed Ijyb
  3940 | D:4      | Killed Ijyb
  3966 | D:4      | Reached XP level 6. HP: 44/52 MP: 6/6
  3976 | D:4      | Reached skill level 8 in Axes
  4061 | D:4      | Identified the +9 scimitar of Circular Logic {vorpal, rPois
                  | MP+9 Int-2}
  4099 | D:4      | Noticed Menkaure
  4117 | D:4      | Killed Menkaure
  4118 | D:4      | Reached skill level 9 in Axes
  4461 | D:4      | Found a staircase to the Ecumenical Temple.
  4472 | D:4      | Reached XP level 7. HP: 42/58 MP: 7/7
  4477 | Temple   | Entered the Ecumenical Temple
  4600 | Temple   | Became a worshipper of Warmaster Okawaru
  4974 | D:5      | Entered Level 5 of the Dungeon
  4991 | D:5      | Noticed a steam dragon
  5000 | D:5      | Killed a steam dragon
  5001 | D:5      | Reached skill level 10 in Axes
  5351 | D:5      | Reached skill level 11 in Axes
  5466 | D:5      | Reached XP level 8. HP: 53/66 MP: 8/8
  5571 | D:5      | Reached * piety under Okawaru
  5606 | D:5      | Reached skill level 12 in Axes
  6623 | D:6      | Reached skill level 13 in Axes
  6704 | D:6      | Found a sand-covered staircase.
  6733 | Ossuary  | Entered an ossuary
  7216 | D:6      | Noticed a troll
  7851 | D:6      | Reached XP level 9. HP: 71/71 MP: 9/9
  8042 | D:6      | Killed a troll
  8042 | D:6      | Reached ** piety under Okawaru
  8043 | D:6      | Reached skill level 5 in Fighting
  8043 | D:6      | Reached skill level 14 in Axes
  8439 | D:7      | Reached skill level 1 in Long Blades
  8478 | D:7      | Noticed a two-headed ogre
  8498 | D:6      | Mangled by a two-headed ogre

Illustrated notes

Levels and vault maps discovered:
D:1:      wander_arrival_lonely_grave, layout_basic, serial_corexii_hall,
          chequers_hall_statues_wall_a, chequers_hall_statues_y,
          roderic_roman_lattice, dk_noncrumbling_4, minmay_domino_2
D:2:      layout_loops_corners, st_stairs_8, corexii_shack
D:3:      layout_basic, serial_shops, shop, dreamdust_ecumenical_altar_statues,
          minivault_5, minmay_curled_crystal, uniq_crazy_yiuf_cottage
D:4:      layout_basic, minmay_temple_entry_proselytizer, uniq_ijyb,
          uniq_menkaure
D:5:      layout_basic, minmay_tree_intersection, minmay_misc_feat_tower,
          lightli_corner_chamber
D:6:      layout_loops_cross, enter_ossuary_4
D:7:      layout_loops_ring, yredelemnul_forgotten_temple_becter,
          minmay_manual_mares
Temple:   nicolae_temple_the_god_donut

Skill      XL: |  1  2  3  4  5  6  7  8  9 |
---------------+----------------------------+-----
Axes           | 3 4 5 6 7 9 11 13 14 | 14.0
Fighting       | 4 5 |  5.7
Long Blades    | 1 |  1.0
Armour         | |  3.3
Shields        | |  3.3

Action                   |  1- 3 |  4- 6 |  7- 9 || total
-------------------------+-------+-------+-------++-------
Melee: War axe           |   134 |   133 |   269 ||   536
       Hand axe          |       |       |    43 ||    43
Throw: Javelin           |       |       |    13 ||    13
Invok: Heroism           |       |       |     2 ||     2
Evoke: Wand              |       |       |     2 ||     2
  Use: Potion            |       |     1 |       ||     1
       Scroll            |       |       |     5 ||     5
Armor: Scale mail        |    79 |    63 |    94 ||   236
Dodge: Dodged            |    73 |    54 |   120 ||   247
Block: Kite shield       |     1 |       |       ||     1
       Other             |       |       |    40 ||    40
       Reflection        |       |       |     1 ||     1
